 Dungeon Crawl Stone Soup version 0.26.1-11-gd32895ea62 (webtiles) character file.

Game seed: 1486491179176615400

3318 Araneus the Grappler (level 10, 0/78 HPs)
             Began as a Ghoul Monk on June 11, 2021.
             Was an Elder of Qazlal.
             Slain by a killer bee (2 damage)
             ... on level 8 of the Dungeon.
             The game lasted 00:31:40 (8795 turns).

Araneus the Grappler (Ghoul Monk)                   Turns: 8795, Time: 00:31:40

Health: 0/78       AC:  5    Str: 18    XL:     10   Next: 2%
Magic:  0/12       EV: 13    Int:  5    God:    Qazlal [****..]
Gold:   107        SH:  5    Dex: 12    Spells: 9/9 levels left

rFire    + . .     SeeInvis .     - Unarmed
rCold    + . .     Faith    .   (no shield)
rNeg     + + +     Spirit   +   t - +1 leather armour
rPois    ∞         Reflect  .   f - +0 helmet of Activism {rF+ Will+} (curse)
rElec    .         Harm     .   (no cloak)
rCorr    .         Rampage  .   (no gloves)
Will     +....                  (no boots)
Stlth    +.........             r - amulet of guardian spirit
HPRegen  0.00/turn              (no ring)
MPRegen  0.13/turn              (no ring)

@: repel missiles
A: claws 1, cold resistance 1, negative energy resistance 3, inhibited
regeneration, torment resistance, unbreathing
a: Renounce Religion, Upheaval, Elemental Force


You were on level 8 of the Dungeon.
You worshipped Qazlal.
Qazlal was greatly pleased with you.
You visited 2 branches of the dungeon, and saw 9 of its levels.

You collected 360 gold pieces.
You spent 253 gold pieces at shops.

Inventory:

Armour
 f - the cursed +0 helmet of Activism (worn) {rF+ Will+}
   (You bought it in a shop on level 6 of the Dungeon)

   It protects you from fire.
   It affects your willpower, your defense against some magical effects.
   It has a curse placed upon it.
 t - a +1 leather armour (worn)
Jewellery
 l - an uncursed ring of willpower
 o - an uncursed ring of ice
 r - an amulet of guardian spirit (around neck)
 s - an uncursed ring of willpower
Wands
 a - a wand of flame (31)
 b - a wand of polymorph (4)
 u - a wand of paralysis (10)
Scrolls
 c - 10 scrolls of remove curse
 h - 7 scrolls of identify
 k - 2 scrolls of magic mapping
 m - 2 scrolls of teleportation
 q - a scroll of enchant armour
Potions
 d - a potion of magic
 e - a potion of attraction
 i - a potion of haste
 j - a potion of brilliance
 n - a potion of cancellation
 p - a potion of curing
 v - a potion of might


   Skills:
 + Level 4.0 Fighting
 * Level 2.7 Armour
 + Level 4.4 Dodging
 - Level 2.1 Stealth
 * Level 13.0 Unarmed Combat
 * Level 4.2 Invocations


You had 9 spell levels left.
You didn't know any spells.
Your spell library contained the following spells:

 Spells                   Type           Power        Failure   Level
 Magic Dart               Conj           0%           54%         1
 Searing Ray              Conj           0%           67%         2
 Dazzling Flash           Conj/Hex       0%           88%         3
 Fulminant Prism          Conj/Hex       0%           99%         4
 Iskenderun's Mystic Bla  Conj/Tloc      0%           99%         4


Dungeon Overview and Level Annotations

Branches:
Dungeon (8/15)             Temple (1/1) D:4
   Lair: D:8-11

Altars:
Ashenzari
Cheibriados
Dithmenos
Elyvilon
Fedhas
Gozag
Hepliaklqana
Kikubaaqudgha
Makhleb
Nemelex Xobeh
Okawaru
Qazlal
Ru
Sif Muna
Trog
Uskayaw
Vehumet
Wu Jian
Xom
Yredelemnul
Zin
The Shining One

Shops:
D:5 *::*}   D:6 [   D:7 !(


Innate Abilities, Weirdness & Mutations

You thrive by killing the living.
You are immune to poison.
You have sharp fingernails.
Your flesh is cold resistant. (rC+)
You are immune to negative energy. (rN+++)
You do not regenerate when monsters are visible.
You are immune to unholy pain and torment.
You can survive without breathing.


Message History

You scratch the centaur. You claw the centaur, but do no damage.
The centaur is almost dead.
The killer bee closely misses you. The killer bee stings you.
* * * LOW HITPOINT WARNING * * *
The centaur closely misses you. The killer bee stings you!
* * * LOW HITPOINT WARNING * * *
You claw the centaur!
You kill the centaur!
Qazlal accepts your kill. The killer bee barely misses you.
The killer bee stings you!
* * * LOW HITPOINT WARNING * * *
The killer bee barely misses you.
Your Unarmed Combat skill increases to level 13!
You have reached level 10!
You feel stronger.
You barely miss the killer bee.
The killer bee is severely wounded.
The killer bee misses you. You block the killer bee's attack.
The killer bee stings you.
You die...

########..
#......[.#
###........#
...........
..........####
.....○.......
.......).☼####
.....§°@y(<..#.#
......°°y..(...#
........(((#.....
...#####+#.# ####
.. #<# . ###


You could see 2 killer bees.

Vanquished Creatures
  Pikel (D:5)
  Eustachio (D:6)
  Grum (D:7)
  Edmund (D:6)
  A sky beast (D:6)
  2 phantoms
  2 ogres
  A centaur (D:8)
  A wolf (D:7)
  4 lemures (D:5)
  5 bullfrogs
  2 killer bees (D:8)
  A scorpion (D:4)
  A water moccasin skeleton (D:7)
  5 wights (D:6)
  2 howler monkeys
  A bullfrog zombie (D:5)
  2 orc priests (D:6)
  2 jellies (D:6)
  2 bullfrog skeletons
  A gnoll shaman (D:7)
  6 hounds (D:7)
  5 orc wizards
  2 worker ants
  An iguana (D:4)
  2 worker ant zombies (D:5)
  A howler monkey skeleton (D:7)
  7 adders
  16 gnolls
  4 river rats (D:5)
  A shadow imp (D:7)
  3 white imps
  2 ufetubi
  2 oozes (D:5)
  3 dart slugs
  A worm (D:5)
  3 leopard geckos
  18 orcs
  A ball python (D:4)
  9 bats
  4 giant cockroaches
  11 goblins
  7 hobgoblins
  25 jackals
  6 kobolds
  4 quokkas
  9 frilled lizards
  A quokka skeleton (D:5)
  5 rats
198 creatures vanquished.

Vanquished Creatures (others)
  81 plants (D:5)
81 creatures vanquished.

Grand Total: 279 creatures vanquished

Notes
Turn   | Place    | Note
-------+----------+-------------------------------------------
     0 | D:1      | Araneus the Ghoul Monk began the quest for the Orb.
     0 | D:1      | Reached XP level 1. HP: 19/19 MP: 0/0
   148 | D:1      | Reached XP level 2. HP: 23/26 MP: 1/1
   256 | D:1      | Reached skill level 4 in Unarmed Combat
   726 | D:1      | Reached XP level 3. HP: 31/31 MP: 2/2
  1339 | D:2      | Reached skill level 5 in Unarmed Combat
  1341 | D:2      | Reached XP level 4. HP: 26/38 MP: 3/3
  1762 | D:2      | Reached skill level 6 in Unarmed Combat
  1806 | D:2      | Reached XP level 5. HP: 45/45 MP: 4/4
  1846 | D:2      | Found a shimmering altar of Xom.
  1850 | D:2      | Found a glowing golden altar of the Shining One.
  1850 | D:2      | Found a sparkling altar of Nemelex Xobeh.
  2841 | D:3      | Found a bloodstained altar of Trog.
  2841 | D:3      | Found an ornate altar of the Wu Jian Council.
  2980 | D:3      | Reached skill level 7 in Unarmed Combat
  3017 | D:4      | Noticed an ogre
  3284 | D:4      | Reached XP level 6. HP: 27/51 MP: 2/5
  4179 | D:4      | Found a staircase to the Ecumenical Temple.
  4188 | Temple   | Entered the Ecumenical Temple
  4393 | Temple   | Became a worshipper of Qazlal Stormbringer
  4393 | Temple   | Reached * piety under Qazlal
  4393 | Temple   | Reached ** piety under Qazlal
  4508 | D:5      | Entered Level 5 of the Dungeon
  4534 | D:5      | Found Qipsusec's Assorted Antiques.
  4553 | D:5      | Found Sigic's Gadget Emporium.
  4569 | D:5      | Noticed a phantom
  4643 | D:5      | Reached skill level 8 in Unarmed Combat
  4846 | D:5      | Reached XP level 7. HP: 46/57 MP: 4/6
  4876 | D:5      | Found a blossoming altar of Fedhas.
  5239 | D:5      | Found Jonunowa's Book Shop.
  5303 | D:5      | Found a shimmering altar of Xom.
  5318 | D:5      | Reached skill level 1 in Invocations
  5320 | D:5      | Reached skill level 9 in Unarmed Combat
  5322 | D:5      | Noticed Pikel
  5377 | D:5      | Found Omabuhoesch's General Store.
  5655 | D:5      | Found Rumub's Book Shop.
  5740 | D:6      | Found Viboafot's Armour Emporium.
  5751 | D:6      | Bought the cursed +0 helmet of Activism {rF+ Will+} for 253
                  | gold pieces
  5784 | D:6      | Reached XP level 8. HP: 63/63 MP: 6/8
  5849 | D:6      | Reached skill level 10 in Unarmed Combat
  5967 | D:6      | Noticed Eustachio
  5991 | D:6      | Killed Eustachio
  6241 | D:6      | Noticed Edmund
  6276 | D:6      | Killed Edmund
  6281 | D:6      | Reached skill level 1 in Armour
  6334 | D:6      | Reached *** piety under Qazlal
  6404 | D:6      | Reached skill level 11 in Unarmed Combat
  6565 | D:6      | Reached XP level 9. HP: 7/70 MP: 1/10
  7124 | D:5      | Killed Pikel
  7407 | D:5      | Reached skill level 12 in Unarmed Combat
  7976 | D:7      | Found Ufizxur's Distillery.
  8165 | D:7      | Found Ynilaymi's Antique Weapon Emporium.
  8274 | D:7      | Reached **** piety under Qazlal
  8405 | D:7      | Noticed Grum
  8417 | D:7      | Killed Grum
  8794 | D:8      | HP: 2/71 [killer bee (4)]
  8795 | D:8      | Reached skill level 13 in Unarmed Combat
  8795 | D:8      | Reached XP level 10. HP: 2/78 MP: 1/12
  8795 | D:8      | Slain by a killer bee

Illustrated notes

Levels and vault maps discovered:
D:1:      doesnt_arrival_eight_statues, layout_rooms,
          hangedman_decor_clover_reticule, chequers_serial_rivers_marsh,
          minmay_misc_feat_nine_boxes, chequers_mini_garden
D:2:      layout_basic, gammafunk_temple_overflow_forgotten,
          columned_hall_lemuel
D:3:      layout_rooms, gammafunk_temple_overflow_pools,
          chequers_serial_rivers_room_a, glass_columns_c
D:4:      layout_loops_cross, lemuel_temple_firewalk_b
D:5:      wad_woods_stonehenge, layout_basic, fedhas_altar_fruit_tree,
          serial_shops, nicolae_shop_behind_doors, nicolae_shop_crystal,
          nicolae_shop_window_shopping, shop, shop, uniq_pikel
D:6:      layout_basic, serial_shops, nicolae_shop_statue_plus, uniq_eustachio,
          uniq_edmund
D:7:      layout_cave_pools, serial_gnoll_camp, gnoll_camp_mini_shop,
          grums_kennel, gnoll_camp_mini_house, gnoll_camp_mini_shop,
          gnoll_camp_mini_loothouse
D:8:      layout_basic, david_lair_shrubbed
Temple:   eino_temple_rhombus

Skill      XL: |  1  2  3  4  5  6  7  8  9 |
---------------+----------------------------+-----
Unarmed Combat | 4 5 6 7 8 9 11 13 | 13.0
Dodging        | 3 4 |  4.4
Invocations    | 1 3 4 |  4.2
Armour         | 1 2 |  2.7
Fighting       | 4 |  4.0
Stealth        | |  2.1

Action                   |  1- 3 |  4- 6 |  7- 9 | 10-12 || total
-------------------------+-------+-------+-------+-------++-------
Melee: Unarmed           |   110 |   233 |   347 |     1 ||   691
       Punch             |       |     6 |    11 |       ||    17
  Use: Scroll            |       |    11 |     6 |       ||    17
       Potion            |       |     5 |     6 |       ||    11
 Stab: Sleeping          |     2 |     6 |       |       ||     8
Armor: Robe              |    30 |    31 |    12 |       ||    73
       Leather armour    |       |       |    23 |       ||    23
Dodge: Dodged            |    84 |   135 |   231 |     1 ||   451
Block: Other             |       |     2 |    38 |     1 ||    41
